 Dungeon Crawl Stone Soup version 0.22.0-13-g43fe8f24b8 (webtiles) character file.

6737 Peloso the Carver (level 10, -15/88 HPs)
             Began as a Minotaur Fighter on Aug 17, 2018.
             Was an Elder of Okawaru.
             Demolished by a death yak (18 damage)
             ... on level 8 of the Dungeon.
             The game lasted 00:21:55 (6237 turns).

Peloso the Carver (Minotaur Fighter)                Turns: 6237, Time: 00:21:56

Health: -15/88     AC: 18    Str: 22    XL:     10   Next: 75%
Magic:  8/9        EV: 24    Int:  5    God:    Okawaru [****..]
Gold:   269        SH: 12    Dex: 12    Spells: 9/9 levels left

rFire    . . .     SeeInvis .   a - +5 scimitar (curse)
rCold    . . .     Gourm    .   c - +0 shield
rNeg     . . .     Faith    .   G - +1 storm dragon scales
rPois    .         Spirit   .   (helmet restricted)
rElec    +         Reflect  .   p - +0 cloak
rCorr    .         Harm     .   (no gloves)
MR       .....                  q - +0 pair of boots
Stlth    ..........             A - amulet of the acrobat
HPRegen  0.24/turn              F - ring of attention (curse)
MPRegen  0.11/turn              (no ring)

@: about to teleport, berserk cooldown, slowed, very slow
A: retaliatory headbutt, horns 2
a: Heroism, Renounce Religion


You were on level 8 of the Dungeon.
You worshipped Okawaru.
Okawaru was greatly pleased with you.
You were not hungry.

You visited 2 branches of the dungeon, and saw 9 of its levels.
You also visited: Ossuary.

You collected 269 gold pieces.

Inventory:

Hand Weapons
 a - a cursed +5 scimitar (weapon)
Armour
 b - a +0 scale mail
 c - a +0 shield (worn)
 p - a +0 cloak (worn)
 q - a +0 pair of boots (worn)
 z - a +0 chain mail
 G - +1 storm dragon scales (worn)
Jewellery
 A - an amulet of the acrobat (around neck)
 F - a cursed ring of attention (left hand)
Wands
 m - a wand of scattershot (8)
 o - a wand of iceblast (3)
 t - a wand of disintegration (5)
 w - a wand of clouds (2)
 y - a wand of enslavement (15)
Scrolls
 j - 9 scrolls of teleportation
 n - 3 scrolls of identify
 r - a scroll of enchant armour
 s - a scroll of amnesia
 x - 2 scrolls of blinking
 B - 2 scrolls of magic mapping
 C - a scroll of noise {unknown}
Potions
 d - 2 potions of might
 e - a potion of berserk rage
 g - 2 potions of cancellation
 h - 2 potions of degeneration {unknown}
 i - a potion of ambrosia {unknown}
 k - a potion of flight {unknown}
 l - 5 potions of curing {unknown}
 u - 2 potions of heal wounds
 v - 2 potions of mutation {unknown}
 D - a potion of brilliance {unknown}
Comestibles
 f - 10 rations
 E - a chunk of flesh


   Skills:
 + Level 8.0 Fighting
 + Level 12.6 Long Blades
 + Level 9.2 Armour
 + Level 4.3 Dodging
 + Level 0.6 Stealth
 + Level 9.4 Shields
 + Level 0.2 Invocations
 + Level 0.1 Evocations


You had 9 spell levels left.
You didn't know any spells.
Your spell library was empty.

Dungeon Overview and Level Annotations

Branches:
Dungeon (8/15)             Temple (1/1) D:4
   Lair: D:8-11

Altars:
Ashenzari
Cheibriados
Dithmenos
Elyvilon
Fedhas
Hepliaklqana
Kikubaaqudgha
Nemelex Xobeh
Okawaru
Qazlal
Ru
Sif Muna
Wu Jian
Xom

Shops:
D:7 %

Annotations:
D:8 2 runed doors


Innate Abilities, Weirdness & Mutations

You reflexively headbutt those who attack you in melee.
You have a pair of horns on your head.


Message History

The death yak is moderately wounded.
The death yak closely misses you.
Unknown command.
You block the death yak's attack.
You see here a tomahawk.
The death yak gores you.
* * * LOW HITPOINT WARNING * * *
The death yak snorts and paws the ground.
You block the death yak's attack. The death yak gores you.
* * * LOW HITPOINT WARNING * * *
The death yak completely misses you.
As you read the scroll of teleportation, it crumbles to dust.
You feel strangely unstable. The death yak gores you.
* * * LOW HITPOINT WARNING * * *
You block the death yak's attack. The death yak gores you!
* * * LOW HITPOINT WARNING * * *
Unknown command.
The death yak gores you!!
You die...

#.......# #.......#
### #.......# ....
#......♣♣ ♣(♣.####
#.....♣♣ ♣#...<.
#.....♣ ..#8.####
#.....♣ ..# #.....♣
♣ #.@...♣ $....
#.YYY.♣ .....
#..Y..♣♣ .....
#......♣♣ .....
#.......# ♣♣♣.....
#.......# #.../...
#..#..†.####.#.....
##....)).(†Y.......
#....8####8.......


You could see 4 death yaks.

Vanquished Creatures
  A rakshasa (D:8)
  4 death yaks
  A wyvern (D:8)
  2 wraiths (Ossuary)
  Sigmund (D:4)
  Duvessa (D:4)
  An orc warrior (D:6)
  A sky beast (D:6)
  2 ice beasts
  2 ogres (D:4)
  A phantom (D:7)
  2 eyes of draining (D:8)
  2 necrophages
  A black bear (D:8)
  4 centaurs
  2 big kobolds (D:7)
  A bullfrog (D:8)
  Dowan (D:4)
  2 scorpions
  6 killer bees (D:7)
  2 wights (Ossuary)
  3 howler monkeys (D:7)
  A crimson imp (D:5)
  4 hounds
  2 orc wizards
  A jelly (D:5)
  2 bullfrog skeletons
  An orc priest (D:4)
  Ijyb (D:4)
  3 worker ants
  A hound zombie (D:6)
  2 hound skeletons
  Robin (D:4)
  5 adders
  A shadow imp (D:7)
  An ooze (D:5)
  An adder skeleton (D:8)
  2 adder zombies (Ossuary)
  2 worms
  2 dart slugs
  5 leopard geckos
  17 orcs
  9 bats
  6 giant cockroaches
  14 goblins
  11 hobgoblins
  15 jackals
  12 kobolds
  3 quokkas
  3 ball pythons
  A ball python skeleton (Ossuary)
  7 frilled lizards
  2 hobgoblin skeletons (Ossuary)
  2 hobgoblin zombies (Ossuary)
  2 kobold zombies
  2 orc skeletons (Ossuary)
  5 rats
192 creatures vanquished.

Vanquished Creatures (others)
  A fungus (D:8)
  2 plants (D:8)
3 creatures vanquished.

Grand Total: 195 creatures vanquished

Notes
Turn   | Place    | Note
-------+----------+-------------------------------------------
     0 | D:1      | Peloso the Minotaur Fighter began the quest for the Orb.
     0 | D:1      | Reached XP level 1. HP: 19/19 MP: 0/0
    76 | D:1      | Reached XP level 2. HP: 25/27 MP: 1/1
   787 | D:2      | Reached XP level 3. HP: 32/33 MP: 2/2
   868 | D:2      | Reached skill level 3 in Long Blades
  1072 | D:2      | Found a shimmering altar of Xom.
  1273 | D:3      | Reached XP level 4. HP: 27/41 MP: 3/3
  1702 | D:3      | Noticed a centaur
  1715 | D:3      | Killed a centaur
  1715 | D:3      | Reached skill level 4 in Long Blades
  1715 | D:3      | Reached skill level 1 in Dodging
  1715 | D:3      | Reached XP level 5. HP: 17/47 MP: 4/4
  2092 | D:4      | Reached skill level 5 in Armour
  2239 | D:4      | Noticed Duvessa
  2239 | D:4      | Noticed Dowan
  2268 | D:4      | Killed Duvessa
  2268 | D:4      | Reached XP level 6. HP: 32/55 MP: 5/5
  2290 | D:4      | Killed Dowan
  2290 | D:4      | Reached skill level 5 in Long Blades
  2422 | D:5      | Entered Level 5 of the Dungeon
  2449 | D:5      | Found a sand-covered staircase.
  2461 | D:5      | Reached skill level 5 in Fighting
  2461 | D:5      | Reached skill level 5 in Shields
  2461 | D:5      | Reached XP level 7. HP: 35/61 MP: 6/6
  2533 | D:5      | Reached skill level 6 in Long Blades
  2623 | Ossuary  | Entered an ossuary
  2737 | Ossuary  | Noticed a flying skull
  2737 | Ossuary  | Noticed a wraith
  2744 | Ossuary  | Noticed a flying skull
  2746 | Ossuary  | Noticed a flying skull
  2776 | Ossuary  | Noticed a wraith
  2785 | Ossuary  | Killed a wraith
  2869 | Ossuary  | Noticed a flying skull
  2881 | Ossuary  | Noticed a wraith
  2890 | Ossuary  | Killed a wraith
  2890 | Ossuary  | Reached skill level 7 in Long Blades
  2917 | Ossuary  | Reached XP level 8. HP: 68/68 MP: 7/7
  2927 | Ossuary  | Noticed a flying skull
  3549 | D:4      | Noticed Ijyb
  3561 | D:4      | Killed Ijyb
  3621 | D:4      | Noticed Sigmund
  3633 | D:4      | Killed Sigmund
  3633 | D:4      | Reached skill level 8 in Long Blades
  3917 | D:4      | Found a staircase to the Ecumenical Temple.
  3927 | Temple   | Entered the Ecumenical Temple
  3998 | Temple   | Became a worshipper of Warmaster Okawaru
  4160 | D:4      | Noticed Robin
  4166 | D:4      | Killed Robin
  4470 | D:6      | Reached skill level 9 in Long Blades
  4591 | D:6      | Reached XP level 9. HP: 49/75 MP: 8/8
  4950 | D:7      | Reached * piety under Okawaru
  5008 | D:7      | Reached skill level 10 in Long Blades
  5244 | D:7      | Found a shadowy altar of Dithmenos.
  5507 | D:7      | Found Tiaruaso's Food Shoppe.
  5632 | D:8      | Reached ** piety under Okawaru
  5691 | D:8      | Noticed a death yak
  5691 | D:8      | Noticed a death yak
  5694 | D:8      | Noticed a death yak
  5709 | D:8      | Noticed a death yak
  5711 | D:8      | Noticed a death yak
  5712 | D:8      | Noticed a death yak
  5714 | D:8      | Noticed a death yak
  5718 | D:7      | Killed a death yak
  5718 | D:7      | Reached skill level 11 in Long Blades
  5718 | D:7      | Reached XP level 10. HP: 24/86 MP: 9/9
  6117 | D:8      | Found a large runed door.
  6118 | D:8      | Found a large runed door.
  6119 | D:8      | Noticed a rakshasa
  6178 | D:8      | Killed a rakshasa
  6178 | D:8      | Reached *** piety under Okawaru
  6178 | D:8      | Reached skill level 12 in Long Blades
  6198 | D:8      | Noticed a death yak
  6213 | D:8      | Killed a death yak
  6213 | D:8      | Reached **** piety under Okawaru
  6218 | D:8      | Killed a death yak
  6224 | D:8      | Killed a death yak
  6236 | D:8      | HP: 3/88 [death yak (14)]
  6237 | D:8      | Demolished by a death yak

Skill      XL: |  1  2  3  4  5  6  7  8  9 10 |
---------------+-------------------------------+-----
Fighting       | 4 5 6 7 8 |  8.0
Shields        | 4 5 6 8 9 |  9.4
Armour         | 4 5 6 7 8 9 |  9.2
Long Blades    | 3 4 5 7 9 11 12 | 12.6
Dodging        | 1 2 3 4 |  4.3
Stealth        | |  0.6
Invocations    | |  0.2
Evocations     | |  0.1

Action                   |  1- 3 |  4- 6 |  7- 9 | 10-12 || total
-------------------------+-------+-------+-------+-------++-------
Melee: Long sword        |   120 |    91 |    25 |       ||   236
       Headbutt          |    23 |    21 |    61 |    15 ||   120
       Scimitar          |       |       |   250 |    69 ||   319
Invok: Heroism           |       |       |       |     1 ||     1
Evoke: Wand              |       |       |     1 |       ||     1
  Use: Scroll            |       |     4 |     7 |     1 ||    12
       Potion            |       |       |       |     1 ||     1
  Eat: Chunk             |     1 |     4 |    10 |       ||    15
       Ration            |       |       |       |     1 ||     1
Armor: Scale mail        |    56 |    38 |    35 |       ||   129
       Storm dragon scal |       |       |    38 |    19 ||    57
Dodge: Dodged            |    35 |    39 |    83 |    25 ||   182
Block: Shield            |    72 |    48 |   142 |    37 ||   299
       Rpst.: Long sword |     9 |     8 |     1 |       ||    18
       Scimitar          |       |       |    22 |     3 ||    25
